 Dungeon Crawl Stone Soup version 0.27.0-1-g7a089689b8 (webtiles) character file.

Game seed: 4820473013502985171

277 fiver49 the Poker (level 6, -7/44 HPs)
             Began as a Formicid Warper on Aug 2, 2021.
             Was a Believer of Cheibriados.
             Killed from afar by Dowan (12 damage)
             ... with a puff of flame
             ... on level 3 of the Dungeon.
             The game lasted 00:07:49 (3689 turns).

fiver49 the Poker (Formicid Warper)                 Turns: 3689, Time: 00:07:50

Health: -7/44      AC:  6    Str: 23    XL:     6   Next: 51%
Magic:  2/9        EV:  8    Int: 21    God:    Cheibriados [**....]
Gold:   237        SH:  9    Dex: 22    Spells: 9/9 levels left

rFire    . . .     SeeInvis +   a - +0 spear (freeze)
rCold    . . .     Faith    .   o - +0 kite shield
rNeg     . . .     Spirit   .   n - +0 scale mail
rPois    .         Reflect  .   (helmet unavailable)
rElec    .         Harm     .   (no cloak)
rCorr    .         Rampage  .   (no gloves)
Will     +....                  (no boots)
Stlth    +.........             (no amulet)
HPRegen  0.14/turn              g - +6 ring of dexterity
MPRegen  0.11/turn              q - ring of willpower

@: very slow
A: permanent stasis, dig shafts and tunnels, antennae 3, four strong arms,
clever 1, sturdy frame 1
a: Dig, Shaft Self, Renounce Religion, Bend Time


You were on level 3 of the Dungeon.
You worshipped Cheibriados.
Cheibriados was pleased with you.
You visited 1 branch of the dungeon, and saw 4 of its levels.

You collected 237 gold pieces.

Inventory:

Hand Weapons
 a - a +0 spear of freezing (weapon)
Missiles
 c - 5 boomerangs of dispersal
 f - 24 poisoned darts (quivered)
 r - 3 boomerangs
Armour
 b - a +0 leather armour
 n - a +0 scale mail (worn)
 o - a +0 kite shield (worn)
Jewellery
 g - a +6 ring of dexterity (left hand)
 q - a ring of willpower (right hand)
Scrolls
 p - a scroll of vulnerability {unknown}
Potions
 d - 2 potions of haste
 h - a potion of curing
 i - a potion of mutation


   Skills:
 - Level 2.1 Fighting
 + Level 6.4 Polearms
 - Level 1.0 Throwing
 - Level 1.1 Armour
 - Level 1.7 Dodging
 - Level 2.1 Spellcasting
 - Level 2.6 Translocations


You had 9 spell levels left.
You didn't know any spells.
Your spell library contained the following spells:

 Spells                   Type           Power      Damage    Failure   Level
 Foxfire                  Conj/Fire      8%         2x1d4     88%         1
 Gell's Gravitas          Tloc           6%         N/A       88%         3
 Lesser Beckoning         Tloc           6%         N/A       88%         3
 Teleport Other           Tloc           13%        N/A       88%         3
 Ozocubu's Armour         Ice            2%         N/A       99%         3
 Vampiric Draining        Necr           1%         2d6       99%         3
 Excruciating Wounds      Necr           1%         N/A       100%        5
 Manifold Assault         Tloc           13%        N/A       100%        5
 Ozocubu's Refrigeration  Ice            1%         4d5       100%        7
 Blink                    Tloc           Unusable   N/A       N/A         2

Dungeon Overview and Level Annotations

Branches:
Dungeon (4/15)             Temple (0/1) D:4

Altars:
Cheibriados
Fedhas
Hepliaklqana

Shops:
D:3 :

Annotations:
D:2 1 runed translucent door, exclusion: door, Crazy Yiuf
D:3 Dowan, Duvessa


Innate Abilities, Weirdness & Mutations

You cannot be hasted, slowed, berserked, paralysed or teleported.
You can dig through walls and to a lower floor.
You have a pair of large antennae on your head. (SInv)
Your four strong arms can wield two-handed weapons with a shield.
Your mind is acute. (Int +2)
Your movements are slightly less encumbered by armour. (ER -2)


Message History

You feel better.
Duvessa gestures with her weapon.
Duvessa hits you with a +0 short sword.
* * * LOW HITPOINT WARNING * * *
The flow of time bends around you.
Duvessa resists with some effort.
You can no longer warp the flow of time around you.
Duvessa hits you but does no damage. The flow of time bends around you.
Duvessa resists with some effort.
You block Duvessa's attack.
Okay, then.
Unknown command.
You hit Duvessa but do no damage.
Duvessa is lightly wounded.
Duvessa hits you with a +0 short sword!
* * * LOW HITPOINT WARNING * * *
You feel better. You block Duvessa's attack.
You feel better.
Dowan casts a spell.
Dowan blinks!
Duvessa closely misses you.
Okay, then.
As you read the scroll labelled LIEJAEGURE, it crumbles to dust.
The creatures around you are filled with an inner flame!
It was a scroll of immolation.
Duvessa hits you with a +0 short sword.
* * * LOW HITPOINT WARNING * * *
As you read the scroll labelled ATSYOT ALEG, it crumbles to dust.
It is a scroll of brand weapon.
Your +0 spear is covered with a thin layer of ice!
a - a +0 spear of freezing (weapon)
Dowan closely misses you. Duvessa hits you with a +0 short sword.
* * * LOW HITPOINT WARNING * * *
As you read the scroll labelled LEALYFU VAENE, it crumbles to dust.
You hear a loud clanging noise!
It was a scroll of noise.
Dowan hits you with a +0 dagger.
* * * LOW HITPOINT WARNING * * *
You block Duvessa's attack.
As you read the scroll labelled FARHAE TORI, it crumbles to dust.
You feel aware of your surroundings.
It was a scroll of magic mapping.
Dowan points at you and mumbles some strange words.
The puff of flame hits you!
You die...

########### #####
#.........# ###...##
#.#######.###...♣...
#.#######......♣.♣..
#..........##.♣...♣.
#.###........♣..∩..♣
#.###.##......♣...♣.
#.e@e.....###..♣.♣..
#.###.##.## #...♣...
#...e....# ###+..##
#####.#### ##...##
####.## ##.....##
#.....# ##.......#
##.#...####.........
#.#.......+.........
##.#...####.........


You could see Duvessa (inner flame) and Dowan (inner flame).

Vanquished Creatures
  A bullfrog (D:4)
  Jessica (D:2)
  Terence (D:3)
  2 orc wizards (D:3)
  4 adders
  3 worms
  4 orcs
  4 ball pythons
  8 bats
  5 endoplasms
  2 giant cockroaches
  2 goblins
  5 hobgoblins
  4 jackals (D:2)
  2 quokkas
  6 frilled lizards
  7 kobolds
  5 rats
66 creatures vanquished.

Vanquished Creatures (others)
  2 fungi (D:2)
  3 plants (D:4)
  3 toadstools (D:2)
8 creatures vanquished.

Grand Total: 74 creatures vanquished

Notes
Turn   | Place    | Note
-------+----------+-------------------------------------------
     0 | D:1      | fiver49 the Formicid Warper began the quest for the Orb.
     0 | D:1      | Reached XP level 1. HP: 16/16 MP: 3/3
   233 | D:1      | Got the Disquisition on Unholy Heat
   273 | D:1      | Reached XP level 2. HP: 21/22 MP: 5/5
   589 | D:1      | Reached skill level 3 in Polearms
   655 | D:1      | Found a faded altar of an unknown god.
   752 | D:1      | Became a worshipper of Cheibriados the Contemplative
   752 | D:1      | Reached * piety under Cheibriados
   960 | D:1      | Reached XP level 3. HP: 22/27 MP: 6/6
  1504 | D:2      | Noticed Jessica
  1513 | D:2      | Killed Jessica
  1514 | D:2      | Reached skill level 4 in Polearms
  1514 | D:2      | Reached XP level 4. HP: 33/33 MP: 7/7
  1531 | D:2      | Reached ** piety under Cheibriados
  1605 | D:2      | Found a runed translucent door.
  1606 | D:2      | Noticed Crazy Yiuf
  1918 | D:3      | Reached skill level 5 in Polearms
  1918 | D:3      | Reached XP level 5. HP: 38/38 MP: 5/8
  2133 | D:3      | Noticed Terence
  2152 | D:3      | Killed Terence
  2528 | D:3      | Found a blossoming altar of Fedhas.
  2929 | D:3      | Found Nudaym's Book Boutique.
  2981 | D:3      | Found a hazy altar of Hepliaklqana.
  2995 | D:3      | Reached XP level 6. HP: 20/44 MP: 9/9
  3166 | D:3      | Found a faded altar of an unknown god.
  3333 | D:4      | Found a staircase to the Ecumenical Temple.
  3345 | D:4      | Reached *** piety under Cheibriados
  3378 | D:4      | Reached skill level 6 in Polearms
  3654 | D:4      | Noticed Dowan
  3655 | D:4      | Noticed Duvessa
  3679 | D:3      | Gained mutation: Your movements are slightly less
                  | encumbered by armour. (ER -2) [potion of mutation]
  3679 | D:3      | Gained mutation: Your mind is acute. (Int +2) [potion of
                  | mutation]
  3683 | D:3      | HP: 1/44 [Duvessa (7)]
  3689 | D:3      | Killed from afar by Dowan

Illustrated notes

Levels and vault maps discovered:
D:1:      ncdulo_smallfort, layout_rooms, dilly_ecumenical_altar_fadedgnrine
D:2:      layout_rooms, minmay_gold_behind_fungi, uniq_jessica,
          uniq_crazy_yiuf_cottage
D:3:      layout_loops_corners, beargit_hepliaklqana_dungeon_heroes,
          lemuel_doored_altar, serial_shops, nicolae_diamond_shop,
          chequers_serial_rivers_small_3, amcnicky_mini_pool_small, uniq_terence
D:4:      layout_cave_pools, minmay_temple_entry_large_hall, enter_ossuary_5,
          serial_forest, infiniplex_forest_clump_double,
          infiniplex_forest_lined_2, infiniplex_forest_clump_small,
          infiniplex_forest_zigzag_2, infiniplex_forest_straight_5,
          infiniplex_forest_clump_tiny, serial_shops, shop_coins,
          kennysheep_donut, uniq_robin, uniq_duvessa

Skill      XL: |  1  2  3  4  5  6 |
---------------+-------------------+-----
Polearms       | 3 4 5 6 |  6.4
Fighting       | |  2.1
Throwing       | |  1.0
Armour         | |  1.1
Dodging        | |  1.7
Spellcasting   | |  2.1
Translocations | |  2.6

Action                   |  1- 3 |  4- 6 || total
-------------------------+-------+-------++-------
Melee: Spear             |    99 |   178 ||   277
Throw: Dart              |    19 |    28 ||    47
Invok: Bend Time         |       |     4 ||     4
  Use: Potion            |     2 |     6 ||     8
       Scroll            |       |     4 ||     4
Armor: Leather armour    |    22 |     7 ||    29
       Scale mail        |       |    28 ||    28
Dodge: Dodged            |    55 |    55 ||   110
Block: Kite shield       |       |    31 ||    31
